PUBAAA
EDMONTON CUBS @ OTTAWA-NEPEAN CANADIANS
07/09/1972
 
TOP OF THE 1ST
Edmonton Cubs batting - Pitching for Ottawa-Nepean Canadians : RHP Keith Schroeder
Pitching: RHP Keith Schroeder
Batting: RHB Edward Hall 0-0: Ball
1-0: Ground out 1-3 (Groundball, 15S, EV 70.0 MPH)
Batting: RHB Kenny Hall 0-0: Called Strike
0-1: Ball
1-1: Ball
2-1: Swinging Strike
2-2: Ground out 6-3 (Groundball, 6MS, EV 79.4 MPH)
Batting: SHB Miguel Roa 0-0: Swinging Strike
0-1: Ball
1-1: Ball
2-1: Foul Ball, location: 7LMF
2-2: Ball
3-2: Strikes out swinging
Top of the 1st over - 0 runs, 0 hits, 0 errors, 0 left on base; Edmonton 0 - Ottawa-Nepean 0
BOTTOM OF THE 1ST
Ottawa-Nepean Canadians batting - Pitching for Edmonton Cubs : LHP Bill Lee
Pitching: LHP Bill Lee
Batting: LHB Brandon Reece 0-0: Ball
1-0: Ground out U3 (Groundball, 3L, EV 109.4 MPH)
Batting: LHB Jesús Sánchez 0-0: Called Strike
0-1: Called Strike
0-2: Ball
1-2: Foul Ball, location: 23F
1-2: Ball
2-2: Ball
3-2: Fly out, F8 (Flyball, 8RM, EV 93.1 MPH)
Batting: RHB Jack Anderson 0-0: Ball
1-0: SINGLE (Line Drive, 89S, EV 103.1 MPH)
Batting: LHB José Román 0-0: Ball
1-0: Ground out 6-3 (Groundball, 4MD, EV 100.6 MPH)
Bottom of the 1st over - 0 runs, 1 hit, 0 errors, 1 left on base; Edmonton 0 - Ottawa-Nepean 0
TOP OF THE 2ND
Edmonton Cubs batting - Pitching for Ottawa-Nepean Canadians : RHP Keith Schroeder
Batting: RHB Cal Lowry 0-0: Ground out 5-3 (Groundball, 5, EV 84.4 MPH)
Batting: RHB Vince Wood 0-0: Ball
1-0: Fly out, F3 (Popup, 3SF, EV 75.0 MPH)
Batting: LHB Andrew Jackson 0-0: Ball
1-0: Called Strike
1-1: Ball
2-1: Ball
3-1: Foul Ball, location: 7LSF
3-2: Strikes out looking
Top of the 2nd over - 0 runs, 0 hits, 0 errors, 0 left on base; Edmonton 0 - Ottawa-Nepean 0
BOTTOM OF THE 2ND
Ottawa-Nepean Canadians batting - Pitching for Edmonton Cubs : LHP Bill Lee
Batting: RHB John Vandeusen 0-0: Ball
1-0: Ball
2-0: Foul Ball, location: 7LMF
2-1: Ball
3-1: Base on Balls
Batting: LHB Charlie Sands 0-0: Called Strike
John Vandeusen steals 2nd base (no throw)
0-1: Foul Ball, location: 3F
0-2: Fly out, F7 (Flyball, 7S, EV 96.9 MPH)
Batting: RHB Josh Watson 0-0: Ball
1-0: Ball
2-0: Swinging Strike
2-1: Ground out 6-3 (Groundball, 6, EV 100.6 MPH)
John Vandeusen to third
Batting: RHB Glenn Byrd 0-0: Ball
1-0: Foul Ball, location: 2F
1-1: Swinging Strike
1-2: Ball
2-2: Strikes out swinging
Bottom of the 2nd over - 0 runs, 0 hits, 0 errors, 1 left on base; Edmonton 0 - Ottawa-Nepean 0
TOP OF THE 3RD
Edmonton Cubs batting - Pitching for Ottawa-Nepean Canadians : RHP Keith Schroeder
Batting: RHB Ben Hornback 0-0: Foul Ball, location: 2RF
0-1: Swinging Strike
0-2: Reached on error, E6 (Groundball, 6M, EV 100.6 MPH)
Batting: RHB Blair Conklin 0-0: Swinging Strike
0-1: Swinging Strike
0-2: Fly out, F9 (Flyball, 9D, EV 102.5 MPH)
Batting: RHB Peyton Piña 0-0: Called Strike
0-1: Ball
1-1: SINGLE (Groundball, 34D, EV 95.6 MPH)
Ben Hornback to second
Runner from 2nd tries for 3rd, SAFE, throw by RF made to third
Peyton Piña to second
Batting: RHB Edward Hall 0-0: Ball
1-0: Foul Ball, location: 2F
1-1: Ball
2-1: Called Strike
2-2: Foul Ball, location: 2F
2-2: Foul Ball, location: 2F
2-2: Foul Ball, location: 3F
2-2: Foul Ball, location: 5FF
2-2: Foul Ball, location: 3SF
2-2: Fly out, F9 (Line Drive, 9, EV 90.6 MPH)
Runner from 3rd tags up, SCORES, throw by RF
Peyton Piña to third
Batting: RHB Kenny Hall 0-0: Ball
1-0: Fly out, F8 (Flyball, 8RM, EV 88.8 MPH)
Top of the 3rd over - 1 run, 1 hit, 1 error, 1 left on base; Edmonton 1 - Ottawa-Nepean 0
BOTTOM OF THE 3RD
Ottawa-Nepean Canadians batting - Pitching for Edmonton Cubs : LHP Bill Lee
Batting: RHB Fred Clark 0-0: Called Strike
0-1: Called Strike
0-2: Ball
1-2: Strikes out swinging
Batting: LHB Brandon Reece 0-0: Foul Ball, location: 7LMF
0-1: Swinging Strike
0-2: Strikes out swinging
Batting: LHB Jesús Sánchez 0-0: Called Strike
0-1: Called Strike
0-2: Ball
1-2: Strikes out swinging
Bottom of the 3rd over - 0 runs, 0 hits, 0 errors, 0 left on base; Edmonton 1 - Ottawa-Nepean 0
TOP OF THE 4TH
Edmonton Cubs batting - Pitching for Ottawa-Nepean Canadians : RHP Keith Schroeder
Batting: SHB Miguel Roa 0-0: Fly out, F5 (Popup, 56S, EV 86.9 MPH)
Batting: RHB Cal Lowry 0-0: Ball
1-0: Ball
2-0: Called Strike
2-1: Foul Ball, location: 23FF
2-2: Foul Ball, location: 2F
2-2: Foul Ball, location: 23F
2-2: DOUBLE (Flyball, 8LXD, EV 99.4 MPH)
Batting: RHB Vince Wood 0-0: Called Strike
0-1: Ball
1-1: Foul Ball, location: 3DF
1-2: Foul Ball, location: 2F
1-2: Ball
2-2: Foul Ball, location: 9LSF
2-2: Ground out 2-3 (Groundball, 13S, EV 66.9 MPH)
Batting: LHB Andrew Jackson 0-0: Ball
1-0: Foul Ball, location: 7LSF
1-1: Foul Ball, location: 3F
1-2: Fly out, F9 (Line Drive, 9, EV 86.3 MPH)
Top of the 4th over - 0 runs, 1 hit, 0 errors, 1 left on base; Edmonton 1 - Ottawa-Nepean 0
BOTTOM OF THE 4TH
Ottawa-Nepean Canadians batting - Pitching for Edmonton Cubs : LHP Bill Lee
Batting: RHB Jack Anderson 0-0: Ball
1-0: Ball
2-0: Ball
3-0: Called Strike
3-1: Base on Balls
Batting: LHB José Román 0-0: Called Strike
0-1: SINGLE (Groundball, 6MD, EV 94.4 MPH)
Jack Anderson to second
Batting: RHB John Vandeusen 0-0: Ball
1-0: Ball
2-0: Foul Ball, location: 3F
2-1: Ball
3-1: SINGLE (Groundball, 6MD, EV 104.4 MPH)
Jack Anderson to third
José Román to second
Runner from 3rd tries for Home, SAFE, throw by CF to home
Batting: LHB Charlie Sands 0-0: Ball
1-0: Fly out, F7 (Flyball, 78S, EV 75.0 MPH)
Batting: RHB Josh Watson 0-0: Called Strike
0-1: Swinging Strike
0-2: Foul Ball, location: 9LMF
0-2: Fly out, F7 (Flyball, 7D, EV 103.1 MPH)
Runner from 2nd tags up, SAFE at 3rd, no throw by LF
Batting: RHB Glenn Byrd 0-0: Ball
1-0: Foul Ball, location: 3FF
1-1: Swinging Strike
1-2: Hit by Pitch
John Vandeusen to second
Batting: RHB Fred Clark 0-0: Ball
1-0: Called Strike
1-1: Called Strike
1-2: Fly out, F7 (Flyball, 78D, EV 91.9 MPH)
Bottom of the 4th over - 1 run, 2 hits, 0 errors, 3 left on base; Edmonton 1 - Ottawa-Nepean 1
TOP OF THE 5TH
Edmonton Cubs batting - Pitching for Ottawa-Nepean Canadians : RHP Keith Schroeder
Batting: RHB Ben Hornback 0-0: Ball
1-0: Ball
2-0: Called Strike
2-1: Called Strike
2-2: Ball
3-2: Base on Balls
Batting: RHB Blair Conklin 0-0: Ball
1-0: Bunted foul
1-1: Ball
2-1: Ball
3-1: Bunted foul
3-2: Fly out, F7 (Flyball, 7, EV 90.0 MPH)
Batting: RHB Peyton Piña 0-0: Ball
1-0: Ball
2-0: Foul Ball, location: 3F
2-1: Fly out, F4 (Line Drive, 4MD, EV 73.8 MPH)
Batting: RHB Edward Hall 0-0: Ball
1-0: Called Strike
1-1: Ball
2-1: Fly out, F8 (Flyball, 8LM, EV 95.0 MPH)
Top of the 5th over - 0 runs, 0 hits, 0 errors, 1 left on base; Edmonton 1 - Ottawa-Nepean 1
BOTTOM OF THE 5TH
Ottawa-Nepean Canadians batting - Pitching for Edmonton Cubs : LHP Bill Lee
Batting: LHB Brandon Reece 0-0: Swinging Strike
0-1: Ball
1-1: Swinging Strike
1-2: Ground out 4-3 (Groundball, 4M, EV 105.0 MPH)
Batting: LHB Jesús Sánchez 0-0: Called Strike
0-1: Ball
1-1: Ball
2-1: Ball
3-1: Called Strike
3-2: Fly out, F7 (Flyball, 7D, EV 96.3 MPH)
Batting: RHB Jack Anderson 0-0: SINGLE (Groundball, 6S, EV 69.4 MPH) (infield hit)
Batting: LHB José Román 0-0: Fielders Choice at 2nd, 6-4 (Groundball, 6, EV 103.8 MPH)
Bottom of the 5th over - 0 runs, 1 hit, 0 errors, 1 left on base; Edmonton 1 - Ottawa-Nepean 1
TOP OF THE 6TH
Edmonton Cubs batting - Pitching for Ottawa-Nepean Canadians : RHP Keith Schroeder
Batting: RHB Kenny Hall 0-0: Ball
1-0: Foul Ball, location: 2F
1-1: Ball
2-1: Ground out 4-3 (Groundball, 4MS, EV 78.8 MPH)
Batting: SHB Miguel Roa 0-0: Ball
1-0: Called Strike
1-1: Ball
2-1: DOUBLE (Flyball, 9LD, EV 94.4 MPH)
Batting: RHB Cal Lowry 0-0: Intentional Walk
Batting: RHB Vince Wood 0-0: Ball
1-0: Called Strike
1-1: Called Strike
1-2: Foul Ball, location: 5F
1-2: Strikes out looking
Batting: LHB Andrew Jackson 0-0: Foul Ball, location: 2F
0-1: Fielders Choice at 2nd, 5-4 (Groundball, 56, EV 86.3 MPH)
Top of the 6th over - 0 runs, 1 hit, 0 errors, 2 left on base; Edmonton 1 - Ottawa-Nepean 1
BOTTOM OF THE 6TH
Ottawa-Nepean Canadians batting - Pitching for Edmonton Cubs : LHP Bill Lee
Batting: RHB John Vandeusen 0-0: Ball
1-0: Called Strike
1-1: Fly out, F9 (Flyball, 9S, EV 76.9 MPH)
Batting: LHB Charlie Sands 0-0: Called Strike
0-1: Swinging Strike
0-2: Ball
1-2: Strikes out swinging
Batting: RHB Josh Watson 0-0: Ball
1-0: Foul Ball, location: 9LSF
1-1: SINGLE (Groundball, 6D, EV 108.8 MPH)
Batting: RHB Glenn Byrd 0-0: Called Strike
0-1: Called Strike
0-2: Foul Ball, location: 3SF
0-2: Foul Ball, location: 2F
0-2: Ball
1-2: Ground out U3 (Groundball, 3S, EV 83.8 MPH)
Bottom of the 6th over - 0 runs, 1 hit, 0 errors, 1 left on base; Edmonton 1 - Ottawa-Nepean 1
TOP OF THE 7TH
Edmonton Cubs batting - Pitching for Ottawa-Nepean Canadians : RHP Keith Schroeder
Batting: RHB Ben Hornback 0-0: Ball
1-0: Swinging Strike
1-1: Fly out, F9 (Flyball, 9S, EV 88.8 MPH)
Batting: RHB Blair Conklin 0-0: Called Strike
0-1: Ball
1-1: Ground out U3 (Groundball, 3, EV 76.9 MPH)
Batting: RHB Peyton Piña 0-0: Ball
1-0: Foul Ball, location: 23F
1-1: Ground out 1-3 (Groundball, 23, EV 70.6 MPH)
Top of the 7th over - 0 runs, 0 hits, 0 errors, 0 left on base; Edmonton 1 - Ottawa-Nepean 1
BOTTOM OF THE 7TH
Ottawa-Nepean Canadians batting - Pitching for Edmonton Cubs : LHP Bill Lee
Batting: RHB Fred Clark 0-0: Called Strike
0-1: Swinging Strike
0-2: Strikes out looking
Pinch Hitting: RHB Manny Ruíz 0-0: Ball
1-0: Foul Ball, location: 9LDF
1-1: Ground out 5-3 (Groundball, 5S, EV 83.1 MPH)
Batting: LHB Jesús Sánchez 0-0: Ball
1-0: Fly out, F6 (Popup, 6M, EV 60.6 MPH)
Bottom of the 7th over - 0 runs, 0 hits, 0 errors, 0 left on base; Edmonton 1 - Ottawa-Nepean 1
TOP OF THE 8TH
Edmonton Cubs batting - Pitching for Ottawa-Nepean Canadians : RHP Keith Schroeder
Now in LF: Manny Ruíz
Batting: RHB Edward Hall 0-0: Foul Ball, location: 2F
0-1: Ball
1-1: Swinging Strike
1-2: Ball
2-2: Ball
3-2: Foul Ball, location: 2F
3-2: Foul Ball, location: 2F
3-2: Base on Balls
Pitching: RHP Tim Hughes
Pinch Hitting: LHB Von Joshua 0-0: Ball
1-0: Foul Ball, location: 2F
1-1: Called Strike
1-2: Foul Ball, location: 23F
1-2: Foul Ball, location: 25F
1-2: Foul Ball, location: 7LMF
1-2: Ball
2-2: Fly out, F8 (Flyball, 89M, EV 82.5 MPH)
Batting: SHB Miguel Roa 0-0: Ball
1-0: Ball
2-0: Fly out, F4 (Popup, 4S, EV 75.0 MPH)
Batting: RHB Cal Lowry 0-0: Ball
1-0: Ball
2-0: Ball
3-0: Base on Balls
Edward Hall to second
Batting: RHB Vince Wood 0-0: Ball
Wild Pitch!
Edward Hall to third
Cal Lowry to second
1-0: Ball
2-0: Called Strike
2-1: Swinging Strike
2-2: Foul Ball, location: 23FF
2-2: Ball
3-2: Strikes out swinging
Top of the 8th over - 0 runs, 0 hits, 0 errors, 2 left on base; Edmonton 1 - Ottawa-Nepean 1
BOTTOM OF THE 8TH
Ottawa-Nepean Canadians batting - Pitching for Edmonton Cubs : LHP Bill Lee
Now in CF: Sherman Mason
Batting: RHB Jack Anderson 0-0: Foul Ball, location: 2F
0-1: Ball
1-1: Swinging Strike
1-2: Ground out 4-3 (Groundball, 34, EV 106.3 MPH)
Batting: RHB Kurt Robinson 0-0: Ball
1-0: Foul Ball, location: 5DF
1-1: SOLO HOME RUN (Line Drive, 78XD, EV 102.5 MPH) (Inside the Park)
Batting: RHB John Vandeusen 0-0: Called Strike
0-1: Ball
1-1: Ball
2-1: Fly out, F7 (Flyball, 7, EV 82.5 MPH)
Batting: LHB Charlie Sands 0-0: Ball
1-0: Called Strike
1-1: Swinging Strike
1-2: Ball
2-2: Ball
3-2: SINGLE (Groundball, 6MD, EV 96.3 MPH)
Batting: RHB Josh Watson 0-0: Swinging Strike
0-1: Foul Ball, location: 9LSF
0-2: Ball
1-2: Ball
2-2: Ball
3-2: Base on Balls
Charlie Sands to second
Batting: RHB Glenn Byrd 0-0: Ball
1-0: Ball
2-0: Ball
3-0: Called Strike
3-1: Called Strike
3-2: Ground out 6-3 (Groundball, 6M, EV 88.1 MPH)
Bottom of the 8th over - 1 run, 2 hits, 0 errors, 2 left on base; Edmonton 1 - Ottawa-Nepean 2
TOP OF THE 9TH
Edmonton Cubs batting - Pitching for Ottawa-Nepean Canadians : RHP Tim Hughes
Now at 1B: Brad Bowman
Now in RF: Pepe Molina
Batting: LHB Andrew Jackson 0-0: Foul Ball, location: 5SF
0-1: Ground out 6-3 (Groundball, 6, EV 83.1 MPH)
Pinch Hitting: LHB Jeremy Farris 0-0: Ball
1-0: Called Strike
1-1: Ball
2-1: Swinging Strike
2-2: Ground out 6-3 (Groundball, 6, EV 83.1 MPH)
Pinch Hitting: SHB Fred Brown 0-0: Reached via error on a dropped throw from 2B, E3 (Groundball, 4D, EV 96.9 MPH)
Pinch Hitting: SHB Tito Fuentes 0-0: Ball
1-0: Foul Ball, location: 2F
1-1: SINGLE (Groundball, 56S, EV 81.9 MPH)
Fred Brown to second
Runner from 2nd tries for 3rd, SAFE, throw by LF made to third
Batting: RHB Edward Hall 0-0: Ball
1-0: Fielders Choice at 2nd, 6-4 (Groundball, 6, EV 99.4 MPH)
Top of the 9th over - 0 runs, 1 hit, 1 error, 2 left on base; Edmonton 1 - Ottawa-Nepean 2
Monday, April 8th , 2024 - OOTP Baseball 24.8 Build 75